NCAA
PENN STATE NITTANY LIONS @ MISSISSIPPI STATE BULLDOGS
05/16/2025
 
TOP OF THE 1ST
Penn State Nittany Lions batting - Pitching for Mississippi State Bulldogs : RHP Stan Gray
Pitching: RHP Stan Gray
Batting: RHB Kip Murphy 0-0: Foul Ball, location: 2F
0-1: Ball
1-1: Ball
2-1: Ball
3-1: Called Strike
3-2: Foul Ball, location: 2F
3-2: Strikes out swinging
Batting: SHB Steve Kirkland 0-0: Called Strike
0-1: Ball
1-1: Foul Ball, location: 2F
1-2: Ball
2-2: Ball
3-2: Strikes out looking
Batting: RHB Larry Crawford 0-0: Called Strike
0-1: Swinging Strike
0-2: Strikes out swinging
Top of the 1st over - 0 run(s), 0 hit(s), 0 error(s), 0 left on base; Penn State 0 - Mississippi State 0
BOTTOM OF THE 1ST
Mississippi State Bulldogs batting - Pitching for Penn State Nittany Lions : LHP Bryce Johnston
Pitching: LHP Bryce Johnston
Batting: RHB Jeremy Davis 0-0: Called Strike
0-1: Foul Ball, location: 2F
0-2: Strikes out swinging
Batting: LHB Marvin Nichols 0-0: Ground out 4-3 (Groundball, 34)
Batting: RHB Johnny Williams 0-0: Ball
1-0: Called Strike
1-1: Foul Ball, location: 2F
1-2: SINGLE (Groundball, 4MD)
Batting: RHB Eric Thompson 0-0: Ball
1-0: Called Strike
1-1: Ball
2-1: Ball
3-1: Called Strike
3-2: Foul Ball, location: 2F
3-2: DOUBLE (Line Drive, 7D)
Johnny Williams to third
Johnny Williams scores
Batting: RHB Larry Beauregard 0-0: Ball
1-0: Ball
2-0: Ball
3-0: Called Strike
3-1: Foul Ball, location: 2F
3-2: Base on Balls
Batting: SHB Rick Hinton 0-0: Foul Ball, location: 2F
0-1: SINGLE (Line Drive, 56D)
Eric Thompson to third
Larry Beauregard to second
Runner from 3rd tries for Home, SAFE, no throw or cutoff
Batting: RHB Stan Gray 0-0: Ball
1-0: Ground out 5-3 (Groundball, 5S)
Bottom of the 1st over - 2 run(s), 3 hit(s), 0 error(s), 2 left on base; Penn State 0 - Mississippi State 2
TOP OF THE 2ND
Penn State Nittany Lions batting - Pitching for Mississippi State Bulldogs : RHP Stan Gray
Batting: LHB Bill Green 0-0: Ball
1-0: Swinging Strike
1-1: Swinging Strike
1-2: Ball
2-2: Strikes out swinging
Batting: RHB Jim Anderson 0-0: Called Strike
0-1: Called Strike
0-2: Ball
1-2: Fly out, F4 (Line Drive, 4)
Batting: SHB Sean Moody 0-0: SINGLE (Groundball, 4MD)
Batting: RHB Roderick Silva 0-0: Called Strike
0-1: Ball
1-1: Ball
2-1: Ball
3-1: Base on Balls
Sean Moody to second
Batting: RHB Jeremiah Ward 0-0: Called Strike
0-1: Ball
1-1: Fly out, F7 (Flyball, 78M)
Top of the 2nd over - 0 run(s), 1 hit(s), 0 error(s), 2 left on base; Penn State 0 - Mississippi State 2
BOTTOM OF THE 2ND
Mississippi State Bulldogs batting - Pitching for Penn State Nittany Lions : LHP Bryce Johnston
Batting: RHB Woody Wright 0-0: Foul Ball, location: 2F
0-1: Ball
1-1: SOLO HOME RUN (Line Drive, 89XD), Distance : 390 ft
Batting: SHB Alex Stewart 0-0: Called Strike
0-1: Ball
1-1: Called Strike
1-2: Ball
2-2: Ball
3-2: Foul Ball, location: 2F
3-2: Base on Balls
Batting: RHB Jeremy Davis 0-0: Called Strike
0-1: Swinging Strike
0-2: Fielders Choice at 2nd, 2-6 (Groundball, 2L)
Batting: LHB Marvin Nichols 0-0: Called Strike
0-1: Swinging Strike
0-2: Ball
1-2: Ball
2-2: Strikes out looking
Batting: RHB Johnny Williams 0-0: Fly out, F3 (Line Drive, 3)
Bottom of the 2nd over - 1 run(s), 1 hit(s), 0 error(s), 1 left on base; Penn State 0 - Mississippi State 3
TOP OF THE 3RD
Penn State Nittany Lions batting - Pitching for Mississippi State Bulldogs : RHP Stan Gray
Batting: LHB Gary Lynn 0-0: Called Strike
0-1: Ball
1-1: Swinging Strike
1-2: Foul Ball, location: 2F
1-2: Strikes out swinging
Batting: RHB Kip Murphy 0-0: Ball
1-0: Hit by Pitch
Batting: SHB Steve Kirkland 0-0: Foul Ball, location: 2F
0-1: Ball
1-1: Fly out, F9 (Flyball, 89M)
Batting: RHB Larry Crawford 0-0: Ball
1-0: Called Strike
1-1: Ball
Kip Murphy steals 2nd base
2-1: Swinging Strike
2-2: Strikes out swinging
Top of the 3rd over - 0 run(s), 0 hit(s), 0 error(s), 1 left on base; Penn State 0 - Mississippi State 3
BOTTOM OF THE 3RD
Mississippi State Bulldogs batting - Pitching for Penn State Nittany Lions : LHP Bryce Johnston
Batting: RHB Eric Thompson 0-0: Swinging Strike
0-1: SINGLE (Flyball, 8RS)
Batting: RHB Larry Beauregard 0-0: SINGLE (Groundball, 25) (infield hit)
Eric Thompson to second
Batting: SHB Rick Hinton 0-0: Ball
1-0: Ball
Eric Thompson steals 3rd base
Larry Beauregard to second
2-0: Called Strike
2-1: Fly out, F8 (Flyball, 78M)
Runner from 3rd tags up, SCORES, no throw
Batting: RHB Stan Gray 0-0: Ball
1-0: Ground out 1-3 (Groundball, 13S)
Larry Beauregard to third
Batting: RHB Woody Wright 0-0: Ball
1-0: Swinging Strike
1-1: Fly out, F8 (Flyball, 8RD)
Bottom of the 3rd over - 1 run(s), 2 hit(s), 0 error(s), 1 left on base; Penn State 0 - Mississippi State 4
TOP OF THE 4TH
Penn State Nittany Lions batting - Pitching for Mississippi State Bulldogs : RHP Stan Gray
Batting: LHB Bill Green 0-0: Ball
1-0: Ball
2-0: Called Strike
2-1: Ball
3-1: Base on Balls
Batting: RHB Jim Anderson 0-0: Called Strike
0-1: Fly out, F4 (Line Drive, 4)
Batting: SHB Sean Moody 0-0: Ball
1-0: Ball
2-0: Ball
3-0: Called Strike
3-1: Called Strike
3-2: Base on Balls
Bill Green to second
Batting: RHB Roderick Silva 0-0: Called Strike
0-1: Ball
1-1: Called Strike
1-2: Foul Ball, location: 2F
1-2: Strikes out looking
Batting: RHB Jeremiah Ward 0-0: Ball
1-0: Ball
2-0: Called Strike
2-1: Foul Ball, location: 2F
2-2: Fly out, F7 (Flyball, 78M)
Top of the 4th over - 0 run(s), 0 hit(s), 0 error(s), 2 left on base; Penn State 0 - Mississippi State 4
BOTTOM OF THE 4TH
Mississippi State Bulldogs batting - Pitching for Penn State Nittany Lions : LHP Bryce Johnston
Batting: SHB Alex Stewart 0-0: Called Strike
0-1: Ground out 1-3 (Groundball, 13S)
Batting: RHB Jeremy Davis 0-0: Called Strike
0-1: SINGLE (Groundball, 4M)
Batting: LHB Marvin Nichols 0-0: Ball
1-0: Grounds into double play, U4-3 (Groundball, 4)
Bottom of the 4th over - 0 run(s), 1 hit(s), 0 error(s), 0 left on base; Penn State 0 - Mississippi State 4
TOP OF THE 5TH
Penn State Nittany Lions batting - Pitching for Mississippi State Bulldogs : RHP Stan Gray
Batting: LHB Gary Lynn 0-0: Ball
1-0: Foul Ball, location: 2F
1-1: Ball
2-1: Ball
3-1: SINGLE (Line Drive, 9S)
Batting: RHB Kip Murphy 0-0: Ball
1-0: Foul Ball, location: 2F
1-1: Swinging Strike
1-2: Strikes out swinging
Pitching: RHP Roberto Pérez
Batting: SHB Steve Kirkland 0-0: Foul Ball, location: 2F
0-1: Ball
1-1: Fly out, F9 (Flyball, 89S)
Batting: RHB Larry Crawford 0-0: Ball
Gary Lynn steals 2nd base
1-0: Ball
2-0: Fly out, F8 (Flyball, 8LXD)
Top of the 5th over - 0 run(s), 1 hit(s), 0 error(s), 1 left on base; Penn State 0 - Mississippi State 4
BOTTOM OF THE 5TH
Mississippi State Bulldogs batting - Pitching for Penn State Nittany Lions : LHP Bryce Johnston
Batting: RHB Johnny Williams 0-0: Ball
1-0: Ball
2-0: Ball
3-0: Called Strike
3-1: Base on Balls
Batting: RHB Eric Thompson 0-0: Ball
1-0: Ball
2-0: Called Strike
2-1: Ball
3-1: Base on Balls
Johnny Williams to second
Batting: RHB Larry Beauregard 0-0: Foul Ball, location: 2F
0-1: Ball
1-1: SINGLE (Line Drive, 89M)
Johnny Williams to third
Eric Thompson to second
Runner from 3rd tries for Home, SAFE, no throw or cutoff
Batting: SHB Rick Hinton 0-0: Called Strike
0-1: SINGLE (Groundball, 5)
Eric Thompson to third
Larry Beauregard to second
Batting: RHB Stan Gray 0-0: Called Strike
0-1: Ball
1-1: Called Strike
1-2: Ball
2-2: Strikes out swinging
Pitching: RHP Hugh Hale
Batting: RHB Woody Wright 0-0: Ball
Wild Pitch!
Eric Thompson scores
Larry Beauregard to third
Rick Hinton to second
1-0: Ball
2-0: Ball
3-0: Foul Ball, location: 2F
3-1: Base on Balls
Batting: SHB Alex Stewart 0-0: Fielders Choice at 2nd, 3-6 (Groundball, 3)
Larry Beauregard scores
Rick Hinton to third
Batting: RHB Jeremy Davis 0-0: Ball
Alex Stewart steals 2nd base
1-0: Ball
2-0: Called Strike
2-1: Swinging Strike
2-2: Fly out, F8 (Flyball, 8RM)
Bottom of the 5th over - 3 run(s), 2 hit(s), 0 error(s), 2 left on base; Penn State 0 - Mississippi State 7
TOP OF THE 6TH
Penn State Nittany Lions batting - Pitching for Mississippi State Bulldogs : RHP Roberto Pérez
Batting: LHB Bill Green 0-0: Foul Ball, location: 2F
0-1: Ball
1-1: Ball
2-1: Ball
3-1: Base on Balls
Batting: RHB Jim Anderson 0-0: DOUBLE (Flyball, 8LM)
Bill Green to third
Batting: SHB Sean Moody 0-0: Called Strike
0-1: SINGLE (Line Drive, 78M)
Bill Green scores
Jim Anderson to third
Batting: RHB Roderick Silva 0-0: Called Strike
0-1: Ball
1-1: Foul Ball, location: 2F
1-2: Strikes out swinging
Batting: RHB Jeremiah Ward 0-0: Ball
1-0: Called Strike
1-1: Ball
2-1: Ball
3-1: Foul Ball, location: 2F
3-2: Strikes out looking
Batting: LHB Gary Lynn 0-0: Called Strike
0-1: Ball
1-1: Called Strike
1-2: Ball
2-2: Ball
3-2: Base on Balls
Sean Moody to second
Batting: RHB Kip Murphy 0-0: Fielders Choice at 2nd, 6-4 (Groundball, 56)
Top of the 6th over - 1 run(s), 2 hit(s), 0 error(s), 2 left on base; Penn State 1 - Mississippi State 7
BOTTOM OF THE 6TH
Mississippi State Bulldogs batting - Pitching for Penn State Nittany Lions : RHP Hugh Hale
Batting: LHB Marvin Nichols 0-0: Called Strike
0-1: Hit by Pitch
Batting: RHB Johnny Williams 0-0: Ball
Marvin Nichols steals 2nd base
1-0: SINGLE (Line Drive, 6MD)
Marvin Nichols to third
Batting: RHB Eric Thompson 0-0: Ball
1-0: Swinging Strike
1-1: Ball
2-1: Ball
3-1: Called Strike
3-2: Base on Balls
Johnny Williams to second
Batting: RHB Larry Beauregard 0-0: Ball
1-0: Ball
2-0: Ball
3-0: Base on Balls
Marvin Nichols scores
Johnny Williams to third
Eric Thompson to second
Batting: SHB Rick Hinton 0-0: Ball
1-0: Ball
2-0: Called Strike
2-1: Ball
3-1: Called Strike
3-2: Base on Balls
Johnny Williams scores
Eric Thompson to third
Larry Beauregard to second
Batting: RHB Stan Gray 0-0: Called Strike
0-1: Ball
1-1: Called Strike
1-2: Strikes out swinging
Pitching: RHP Holden Riley
Batting: RHB Woody Wright 0-0: Ball
1-0: Fly out, F4 (Popup, 4)
Batting: SHB Alex Stewart 0-0: SINGLE (Line Drive, 6M)
Eric Thompson scores
Larry Beauregard to third
Rick Hinton to second
Runner from 3rd tries for Home, SAFE, no throw or cutoff
Batting: RHB Jeremy Davis 0-0: Foul Ball, location: 2F
0-1: Ground out 5-3 (Groundball, 5L)
Bottom of the 6th over - 4 run(s), 2 hit(s), 0 error(s), 2 left on base; Penn State 1 - Mississippi State 11
TOP OF THE 7TH
Penn State Nittany Lions batting - Pitching for Mississippi State Bulldogs : RHP Roberto Pérez
Batting: SHB Steve Kirkland 0-0: Ball
1-0: Ground out 4-3 (Groundball, 4)
Pitching: LHP Felipe Villarreal
Batting: RHB Larry Crawford 0-0: Foul Ball, location: 2F
0-1: Ball
1-1: Ball
2-1: SINGLE (Groundball, 4MD) (infield hit)
Pinch Hitting: LHB James Macías 0-0: Foul Ball, location: 2F
0-1: Ball
1-1: Called Strike
1-2: SINGLE (Line Drive, 8LS)
Larry Crawford to second
Batting: RHB Jim Anderson 0-0: Ball
1-0: Ball
2-0: Called Strike
2-1: Grounds into double play, U6-3 (Groundball, 6M)
Top of the 7th over - 0 run(s), 2 hit(s), 0 error(s), 1 left on base; Penn State 1 - Mississippi State 11
BOTTOM OF THE 7TH
Mississippi State Bulldogs batting - Pitching for Penn State Nittany Lions : RHP Holden Riley
Now in RF: James Macías
Batting: LHB Marvin Nichols 0-0: Ball
1-0: Ball
2-0: Ball
3-0: Called Strike
3-1: Called Strike
3-2: Base on Balls
Batting: RHB Johnny Williams 0-0: Ball
1-0: Ball
2-0: Ball
3-0: Base on Balls
Marvin Nichols to second
Batting: RHB Eric Thompson 0-0: Ball
1-0: Ball
Throwing error on steal attempt, E2
Marvin Nichols scores
Johnny Williams to third
2-0: Fly out, F2 (Popup, 2RF)
Batting: RHB Larry Beauregard 0-0: Ground out 4-3 (Groundball, 4)
Johnny Williams scores
Batting: SHB Rick Hinton 0-0: Ball
1-0: Ball
2-0: SINGLE (Flyball, 78M)
Batting: RHB Stan Gray 0-0: Fly out, F9 (Flyball, 9M)
Bottom of the 7th over - 2 run(s), 1 hit(s), 1 error(s), 1 left on base; Penn State 1 - Mississippi State 13
TOP OF THE 8TH
Penn State Nittany Lions batting - Pitching for Mississippi State Bulldogs : LHP Felipe Villarreal
Batting: SHB Sean Moody 0-0: Ball
1-0: Foul Ball, location: 2F
1-1: Ground out 5-3 (Groundball, 5S)
Batting: RHB Roderick Silva 0-0: Called Strike
0-1: Ball
1-1: Foul Ball, location: 2F
1-2: Strikes out looking
Batting: RHB Jeremiah Ward 0-0: Called Strike
0-1: Ball
1-1: Swinging Strike
1-2: Strikes out swinging, 2-3 out at first.
Top of the 8th over - 0 run(s), 0 hit(s), 0 error(s), 0 left on base; Penn State 1 - Mississippi State 13
BOTTOM OF THE 8TH
Mississippi State Bulldogs batting - Pitching for Penn State Nittany Lions : RHP Holden Riley
Batting: RHB Woody Wright 0-0: Ball
1-0: Ball
2-0: Called Strike
2-1: Ball
3-1: Foul Ball, location: 2F
3-2: Strikes out swinging
Pitching: RHP Drake Johnston
Batting: SHB Alex Stewart 0-0: Called Strike
0-1: Ball
1-1: Foul Ball, location: 2F
1-2: Strikes out looking
Batting: RHB Jeremy Davis 0-0: Foul Ball, location: 2F
0-1: Ball
1-1: Foul Ball, location: 2F
1-2: SINGLE (Line Drive, 6MD)
Batting: LHB Marvin Nichols 0-0: Called Strike
0-1: Foul Ball, location: 2F
0-2: Fly out, F7 (Flyball, 7M)
Bottom of the 8th over - 0 run(s), 1 hit(s), 0 error(s), 1 left on base; Penn State 1 - Mississippi State 13
TOP OF THE 9TH
Penn State Nittany Lions batting - Pitching for Mississippi State Bulldogs : LHP Felipe Villarreal
Batting: LHB Gary Lynn 0-0: Ground out U3 (Groundball, 3L)
Batting: RHB Kip Murphy 0-0: Ball
1-0: Ball
2-0: Ball
3-0: Called Strike
3-1: Base on Balls
Batting: SHB Steve Kirkland 0-0: Ball
1-0: Foul Ball, location: 2F
1-1: Swinging Strike
1-2: Foul Ball, location: 2F
1-2: Ball
2-2: Ball
3-2: Strikes out swinging
Kip Murphy steals 2nd base
Batter strikes out.
Batting: RHB Larry Crawford 0-0: Swinging Strike
0-1: Swinging Strike
0-2: Strikes out swinging
Top of the 9th over - 0 run(s), 0 hit(s), 0 error(s), 1 left on base; Penn State 1 - Mississippi State 13
This league is powered by Out of the Park Baseball, the baseball management simulation game for PC, Mac and Linux
Tuesday, August 2nd, 2016 - OOTP Baseball 16.8 Build 38